 Dungeon Crawl Stone Soup version 0.24-a0-11-g46ee55f (webtiles) character file.

Game seed: 4978439296565855544

82276 JeffiDaFish the Warrior (level 15, -13/105 HPs)
             Began as a Gargoyle Fighter on Jan 30, 2019.
             Was the Champion of Okawaru.
             Mangled by an orc warrior
             ... wielding a +0 halberd
             ... led by an orc warlord
              (21 damage)
             ... on level 2 of the Orcish Mines on Jan 31, 2019.
             The game lasted 00:53:02 (20621 turns).

JeffiDaFish the Warrior (Gargoyle Fighter)         Turns: 20621, Time: 00:53:02

Health: -13/105    AC: 47    Str: 26    XL:     15   Next: 73%
Magic:  18/18      EV:  7    Int: 10    God:    Okawaru [******]
Gold:   2497       SH: 15    Dex: 13    Spells: 14/14 levels left

rFire    . . .     SeeInvis +   v - +6 flail (vamp)
rCold    . . .     Gourm    .   F - +2 shield {AC+3}
rNeg     + . .     Faith    .   I - +5 plate armour of the Tormentor {+Fly Regen+ Int-5 SInv}
rPois    ∞         Spirit   .   (helmet restricted)
rElec    +         Reflect  .   A - +2 cloak of Okawaru's Reproof {rElec rF- Stlth+}
rCorr    .         Harm     .   k - +0 pair of gloves
MR       ++...                  H - +3 pair of boots of Omnisiywag {Int+6}
Stlth    ..........             y - amulet of regeneration (curse)
HPRegen  1.07/turn              J - ring of protection from magic
MPRegen  0.16/turn              i - +4 ring of dexterity

@: flying
A: big wings, horns 1, molten scales 1, fire resistance 1, mutation resistance
1, negative energy resistance 1, electricity resistance, unbreathing,
petrification resistance, rot immunity, AC +11
a: Stop Flying, Heroism, Finesse, Renounce Religion


You were on level 2 of the Orcish Mines.
You worshipped Okawaru.
Okawaru was exalted by your worship.
You were not hungry.

You visited 4 branches of the dungeon, and saw 24 of its levels.

You collected 2533 gold pieces.
You spent 36 gold pieces at shops.

Inventory:

Hand Weapons
 v - a +6 vampiric flail (weapon)
Armour
 k - a +0 pair of gloves (worn)
 A - the +2 cloak of Okawaru's Reproof (worn) {rElec rF- Stlth+}
   (Okawaru gifted it to you on level 1 of the Lair of Beasts)

   It makes you vulnerable to fire.
   It insulates you from electricity.
   It makes you more stealthy.
 F - a +2 shield of protection (worn)
 H - the +3 pair of boots of Omnisiywag (worn) {Int+6}
   (Okawaru gifted it to you on level 2 of the Orcish Mines)

   It affects your intelligence (+6).
 I - the +5 plate armour of the Tormentor (worn) {+Fly Regen+ Int-5 SInv}
   (You found it on level 10 of the Dungeon)

   It affects your intelligence (-5).
   It lets you see invisible.
   It lets you fly.
   It increases your rate of regeneration.
Jewellery
 e - an uncursed ring of protection from fire
 g - an uncursed ring of fire
 i - a +4 ring of dexterity (right hand)
 t - an uncursed ring of protection from cold
 y - a cursed amulet of regeneration (around neck)
 J - a ring of protection from magic (left hand)
Wands
 x - a wand of acid (17)
 z - a wand of digging (5)
 C - a wand of paralysis (5)
Scrolls
 b - 3 scrolls of enchant armour
 j - 7 scrolls of teleportation
 l - 7 scrolls of identify
 n - 5 scrolls of blinking
 p - 9 scrolls of remove curse
 q - 3 scrolls of fog
Potions
 a - 8 potions of heal wounds
 c - 5 potions of magic
 d - 4 potions of might
 h - 9 potions of curing
 m - 4 potions of flight
 o - a potion of haste
 r - 3 potions of brilliance
 s - 4 potions of cancellation
 u - 2 potions of mutation
 w - a potion of agility
 E - a potion of invisibility
Miscellaneous
 D - a lamp of fire
Comestibles
 f - 19 rations
 B - 14 chunks of flesh


   Skills:
 * Level 16.6 Fighting
 + Level 14.4 Maces & Flails
 * Level 13.7 Armour
 + Level 12.5 Shields
 + Level 4.9 Invocations


You had 14 spell levels left.
You didn't know any spells.
Your spell library contained the following spells:

 Spells                   Type           Power        Failure   Level  Hunger
 Animate Skeleton         Necr           N/A          98%         1    ##.....
 Apportation              Tloc           #.....       98%         1    ##.....
 Confusing Touch          Hex            #.....       98%         1    ##.....
 Corona                   Hex            #......      98%         1    ##.....
 Flame Tongue             Conj/Fire      #....        98%         1    ##.....
 Magic Dart               Conj           #...         98%         1    ##.....
 Summon Small Mammal      Summ           #...         98%         1    ##.....
 Call Imp                 Summ           #.......     99%         2    ###....
 Ensorcelled Hibernation  Hex/Ice        #.....       99%         2    ###....
 Searing Ray              Conj           #.....       99%         2    ###....
 Throw Flame              Conj/Fire      #.....       99%         2    ###....
 Call Canine Familiar     Summ           #.......     100%        3    ####...
 Confuse                  Hex            #.......     100%        3    ####...
 Conjure Flame            Conj/Fire      #.......     100%        3    ####...
 Dazzling Spray           Conj/Hex       #.....       100%        3    ####...
 Gell's Gravitas          Tloc           #.........   100%        3    ####...
 Inner Flame              Hex/Fire       #.......     100%        3    ####...
 Summon Guardian Golem    Hex/Summ       #.......     100%        3    ####...
 Tukima's Dance           Hex            #.......     100%        3    ####...
 Force Lance              Conj/Tloc      #.......     100%        4    #####..
 Fulminant Prism          Conj/Hex       #.........   100%        4    #####..
 Iskenderun's Mystic Bla  Conj           #.......     100%        4    #####..
 Petrify                  Tmut/Erth      #.......     100%        4    #####..
 Sticky Flame             Conj/Fire      #.......     100%        4    #####..
 Summon Ice Beast         Ice/Summ       #.......     100%        4    #####..
 Summon Lightning Spire   Summ/Air       #.......     100%        4    #####..
 Fireball                 Conj/Fire      #.........   100%        5    ######.
 Metabolic Englaciation   Hex/Ice        #.........   100%        5    ######.
 Yara's Violent Unravell  Hex/Tmut       #.........   100%        5    ######.


Dungeon Overview and Level Annotations

Branches:
Dungeon (15/15)            Temple (1/1) D:5            Lair (6/6) D:9
  Swamp (0/4) Lair:2       Spider (0/4) Lair:2        Slime (0/5) Lair:6
    Orc (2/2) D:9          Vaults (0/5) D:14         Depths (0/5) D:15
    Elf: Orc:2

Altars:
Ashenzari
Cheibriados
Dithmenos
Elyvilon
Fedhas
Gozag
Hepliaklqana
Kikubaaqudgha
Makhleb
Nemelex Xobeh
Okawaru
Qazlal
Ru
Sif Muna
Trog
Uskayaw
Vehumet
Wu Jian
Xom
Yredelemnul
Zin
The Shining One

Shops:
D:4 :   D:6 !   D:10 [   D:14 !

Annotations:
D:12 1 runed translucent door
Lair:4 exclusion: oklob plant
Lair:6 3 runed translucent doors, Aldia's ghost, journeyman HOMo; miscthings's ghost, journeyman OpEE


Innate Abilities, Weirdness & Mutations

You are resistant to torment.
Your stone body is resilient. (AC +11)
You are immune to poison.
Your large and strong wings let you fly indefinitely.
You resist negative energy. (rN+)
You are resistant to electric shocks. (rElec)
You can survive without breathing.
You are immune to petrification.
You are immune to rotting.
You have a pair of small horns on your head.
You are partially covered in molten scales. (AC +2)
Your flesh is heat resistant. (rF+)
You are somewhat resistant to further mutation.


Message History

You block the orc warrior's attack.
Your shield prevents you from hitting the orc wizard.
You headbutt the orc wizard.
The orc wizard is lightly wounded.
The orc wizard no longer looks unusually strong.
The orc warrior hits you from afar with a +0 halberd!
* * * LOW HITPOINT WARNING * * *
You block the orc wizard's attack. You block the orc warrior's attack. x2
You hammer the orc wizard like a gong!!!
You feel better.
You kill the orc wizard!
Okawaru accepts your kill.
The orc wizard hits you but does no damage.
The orc warrior hits you from afar with a +0 trident!
* * * LOW HITPOINT WARNING * * *
The orc warrior hits you with a +2 flail of protection.
* * * LOW HITPOINT WARNING * * *
You block the warg's attack. The orc warrior barely misses you.
The orc warrior hits you from afar with a +0 halberd!!
You die...

#..........#.......
......#.#.).#.....#
.#.....##...#....#
$.....####..)....###
.#.....#.#.........#.
........o...........
#....oo.o...#......
#....hoooo###......
.##[@oo## .....
###o## ...## ### ###


You could see a warg, 7 orc warriors, an orc priest, an orc wizard and 2 orcs.

Vanquished Creatures
  An orc warlord (Orc:2)
  Snorg (D:14)
  A death knight (D:15)
  7 hydras
  2 two-headed ogres
  2 dancing weapons
  7 tengu warriors (D:15)
  An ogre mage (D:15)
  2 orc high priests (Orc:2)
  Urug (Orc:1)
  6 hell knights (D:10)
  10 slime creatures
  A skeletal warrior (D:15)
  An orange crystal statue (D:12)
  7 orc knights (Orc:2)
  2 phantasmal warriors (D:15)
  A wolf spider zombie (D:14)
  A wolf spider (Lair:6)
  An orc sorcerer (Orc:2)
  2 necromancers
  A fire giant zombie (D:15)
  An iron dragon zombie (D:15)
  An oklob plant (Orc:1)
  4 cyclopes
  A frost giant zombie (D:15)
  8 ugly things
  7 elephants (Lair:5)
  Joseph (D:7)
  5 black mambas
  A guardian serpent (Lair:6)
  The ghost of Snicker the Chopper, a novice MiGl (D:5)
  19 spiny frogs
  2 gargoyles
  An efreet (D:14)
  A rime drake (Lair:6)
  2 kobold demonologists
  5 komodo dragons
  2 freezing wraiths (D:15)
  2 tengu conjurers (D:15)
  A guardian mummy (D:15)
  4 hornets
  5 trolls
  9 blink frogs
  A bog body (Lair:2)
  8 hippogriffs
  5 redbacks (Lair:6)
  A spriggan (D:8)
  A deep troll skeleton (D:15)
  23 yaks
  15 wyverns
  A shadow (D:10)
  A wraith (D:15)
  3 water elementals (D:14)
  A hungry ghost (D:14)
  3 basilisks
  A steam dragon (D:9)
  Edmund (D:6)
  4 vampire mosquitoes
  2 swamp worms (Lair:2)
  3 acid dragons
  A soldier ant (D:13)
  23 water moccasins
  4 wargs (Orc:2)
  7 hell hounds (D:10)
  Duvessa (D:7)
  23 orc warriors
  An ice beast (D:10)
  4 porcupines
  3 black bears
  4 sky beasts
  2 hornet zombies
  2 phantoms
  An eye of draining (D:11)
  A necrophage (D:10)
  13 ogres
  11 centaurs
  8 crocodiles
  12 bullfrogs
  3 big kobolds
  3 gnoll sergeants
  A wyvern skeleton (D:12)
  Dowan (D:7)
  2 scorpions
  9 killer bees
  34 wights
  3 electric eels
  3 howler monkeys
  11 crimson imps
  21 orc priests
  A centaur zombie (D:5)
  3 jellies
  A bullfrog zombie (D:7)
  5 hounds
  A bullfrog skeleton (D:7)
  10 centaur skeletons
  18 orc wizards
  3 iguanas
  2 hell rats (Lair:2)
  8 worker ants
  A killer bee zombie (D:9)
  2 worker ant zombies
  11 gnolls
  10 river rats (Lair:2)
  13 adders
  6 shadow imps
  5 oozes
  2 adder zombies
  4 worms
  3 dart slugs
  4 leopard geckos
  85 orcs
  A ball python (D:2)
  9 bats
  7 giant cockroaches
  10 goblins
  6 hobgoblins
  9 jackals
  A quokka (D:5)
  10 frilled lizards
  19 kobolds
  A quokka skeleton (D:5)
  A quokka zombie (D:10)
  13 rats
712 creatures vanquished.

Vanquished Creatures (others)
  A tengu conjurer (D:15)
  An orc priest (Orc:2)
  2 orcs
  12 fungi
  11 plants
  6 withered plants
33 creatures vanquished.

Grand Total: 745 creatures vanquished

Notes
Turn   | Place    | Note
-------+----------+-------------------------------------------
     0 | D:1      | JeffiDaFish the Gargoyle Fighter began the quest for the
                  | Orb.
     0 | D:1      | Reached XP level 1. HP: 14/14 MP: 1/1
   145 | D:1      | Upgraded the game from 0.24-a0 to 0.24-a0-11-g46ee55f
   162 | D:1      | Reached XP level 2. HP: 18/19 MP: 2/2
   631 | D:1      | Reached XP level 3. HP: 24/24 MP: 3/3
   922 | D:2      | Found a faded altar of an unknown god.
   960 | D:2      | Reached skill level 4 in Fighting
  1132 | D:2      | Reached XP level 4. HP: 27/29 MP: 4/4
  1200 | D:2      | Found an ornate altar of the Wu Jian Council.
  1200 | D:2      | Found an ancient bone altar of Kikubaaqudgha.
  1661 | D:3      | Reached XP level 5. HP: 14/34 MP: 0/5
  2018 | D:3      | Gained mutation: You are partially covered in molten
                  | scales. (AC +2) [potion of mutation]
  2018 | D:3      | Gained mutation: Your flesh is heat resistant. (rF+)
                  | [potion of mutation]
  2018 | D:3      | Gained mutation: You have a pair of small horns on your
                  | head. [potion of mutation]
  2018 | D:3      | Gained mutation: You are somewhat resistant to further
                  | mutation. [potion of mutation]
  2297 | D:3      | Noticed a phantom
  2318 | D:3      | Killed a phantom
  2318 | D:3      | Reached skill level 5 in Fighting
  2318 | D:3      | Reached XP level 6. HP: 35/40 MP: 6/6
  2890 | D:4      | Found a stormy altar of Qazlal.
  3073 | D:4      | Found Zinkaf's Book Emporium.
  3244 | D:4      | Reached XP level 7. HP: 38/44 MP: 7/7
  3553 | D:5      | Entered Level 5 of the Dungeon
  3585 | D:5      | Found a staircase to the Ecumenical Temple.
  3590 | Temple   | Entered the Ecumenical Temple
  3790 | Temple   | Became a worshipper of Warmaster Okawaru
  3936 | D:5      | Reached skill level 6 in Fighting
  3936 | D:5      | Reached skill level 5 in Maces & Flails
  4031 | D:5      | Reached skill level 5 in Shields
  4047 | D:5      | Noticed Snicker's ghost (novice MiGl)
  4048 | D:5      | Found a large runed translucent door.
  4048 | D:5      | Found a large runed translucent door.
  4209 | D:5      | Reached skill level 5 in Armour
  4347 | D:5      | Reached XP level 8. HP: 51/52 MP: 6/8
  4534 | D:6      | Reached * piety under Okawaru
  4558 | D:6      | Reached skill level 7 in Fighting
  4624 | D:6      | Found a glowing silver altar of Zin.
  4698 | D:6      | Reached ** piety under Okawaru
  4751 | D:6      | Reached XP level 9. HP: 57/58 MP: 7/9
  4763 | D:6      | Reached skill level 8 in Fighting
  4817 | D:6      | Found a bloodstained altar of Trog.
  4872 | D:6      | Noticed Edmund
  4884 | D:6      | Killed Edmund
  5068 | D:6      | Found Gival's Distillery.
  5073 | D:6      | Bought a potion of curing for 36 gold pieces
  5484 | D:5      | Killed Snicker's ghost
  5648 | D:7      | Noticed Joseph
  5659 | D:7      | Killed Joseph
  5659 | D:7      | Reached *** piety under Okawaru
  5659 | D:7      | Reached skill level 9 in Fighting
  5674 | D:7      | Noticed Duvessa
  5688 | D:7      | Killed Duvessa
  5724 | D:7      | Reached XP level 10. HP: 53/66 MP: 8/10
  5726 | D:7      | Noticed Dowan
  5741 | D:7      | Killed Dowan
  6769 | D:8      | Reached **** piety under Okawaru
  6844 | D:8      | Reached skill level 10 in Fighting
  7161 | D:9      | Found a white marble altar of Elyvilon.
  7215 | D:9      | Found a staircase to the Orcish Mines.
  7263 | D:9      | Reached ***** piety under Okawaru
  7634 | D:9      | Reached XP level 11. HP: 73/73 MP: 11/11
  7656 | D:9      | Reached skill level 11 in Fighting
  7776 | D:9      | Found a staircase to the Lair.
  7871 | Lair:1   | Entered Level 1 of the Lair of Beasts
  7880 | Lair:1   | Reached skill level 10 in Maces & Flails
  8078 | Lair:1   | Received a gift from Okawaru
  8081 | Lair:1   | Got an ancient cloak {god gift}
  8087 | Lair:1   | Identified the +2 cloak of Okawaru's Reproof {rElec rF-
                  | Stlth+} (Okawaru gifted it to you on level 1 of the Lair of
                  | Beasts)
  8945 | Lair:2   | Found a hole to the Spider Nest.
  9150 | Lair:2   | Reached ****** piety under Okawaru
  9150 | Lair:2   | Reached skill level 12 in Fighting
  9385 | Lair:2   | You fall through a shaft!
  9387 | Lair:3   | Reached XP level 12. HP: 81/81 MP: 12/12
  9498 | Lair:3   | You fall through a shaft for 2 floors!
 10006 | Lair:2   | Found a staircase to the Swamp.
 10330 | Lair:3   | Received a gift from Okawaru
 10362 | Lair:3   | Got a dazzling shield {god gift}
 10363 | Lair:3   | Identified the +0 shield of the Trees {Slay+2} (Okawaru
                  | gifted it to you on level 3 of the Lair of Beasts)
 11995 | Lair:5   | Reached skill level 13 in Fighting
 12003 | Lair:5   | Noticed a seven-headed hydra
 12014 | Lair:5   | Killed a seven-headed hydra
 12040 | Lair:5   | Reached skill level 10 in Shields
 12066 | Lair:5   | Noticed a five-headed hydra
 12077 | Lair:5   | Killed a five-headed hydra
 12114 | Lair:5   | Reached skill level 10 in Armour
 12149 | Lair:5   | Noticed a five-headed hydra
 12159 | Lair:5   | Killed a five-headed hydra
 12205 | Lair:5   | Received a gift from Okawaru
 12205 | Lair:5   | Reached XP level 13. HP: 88/88 MP: 13/13
 12802 | Lair:6   | Entered Level 6 of the Lair of Beasts
 12812 | Lair:6   | Received a gift from Okawaru
 13025 | Lair:6   | Found a staircase to the Slime Pits.
 13114 | Lair:6   | Reached skill level 14 in Fighting
 13254 | Lair:6   | Found a runed translucent gate.
 13285 | Lair:6   | Found a runed translucent gate.
 13286 | Lair:6   | Found a runed translucent gate.
 13292 | Lair:6   | Noticed Aldia's ghost (journeyman HOMo)
 13292 | Lair:6   | Noticed miscthings's ghost (journeyman OpEE)
 13629 | Lair:6   | Received a gift from Okawaru
 14120 | D:10     | Entered Level 10 of the Dungeon
 14873 | D:10     | Found Asul's Antique Armour Emporium.
 14878 | D:10     | Identified the +5 plate armour of the Tormentor {+Fly
                  | Regen+ Int-5 SInv} (You found it on level 10 of the
                  | Dungeon)
 15034 | D:10     | Gained mutation: Your large and strong wings let you fly
                  | indefinitely. [Gargoyle growth]
 15034 | D:10     | Reached XP level 14. HP: 79/96 MP: 14/14
 15176 | D:10     | Reached skill level 15 in Fighting
 15600 | D:11     | Received a gift from Okawaru
 16352 | D:12     | Found a runed translucent door.
 16352 | D:12     | Identified the ring "Caxtoh" {rN+ AC+1 Int+3}
 16359 | D:12     | Noticed a frost giant
 16834 | D:13     | Received a gift from Okawaru
 17346 | D:14     | Reached skill level 1 in Invocations
 17349 | D:14     | Found a gate to the Vaults.
 17351 | D:14     | Identified a scroll of acquirement
 17351 | D:14     | Noticed Snorg
 17368 | D:14     | Killed Snorg
 17377 | D:14     | Got an ancient hat
 17383 | D:14     | Identified the +1 hat "Tuexkayh" {rPois rC- Int+7 SInv}
                  | (You acquired it on level 14 of the Dungeon)
 17429 | D:14     | You are sucked into a shaft!
 17429 | D:15     | Entered Level 15 of the Dungeon
 17494 | D:15     | Found a staircase to the Depths.
 17584 | D:15     | Received a gift from Okawaru
 17729 | D:15     | Reached XP level 15. HP: 93/104 MP: 15/17
 17828 | D:15     | Reached skill level 16 in Fighting
 18172 | D:15     | Received a gift from Okawaru
 18689 | D:14     | Found Paleaross's Distillery.
 18939 | D:14     | Found a shimmering altar of Xom.
 18941 | D:14     | Found a shimmering altar of Xom.
 18953 | D:14     | Found a shimmering altar of Xom.
 18954 | D:14     | Found a shimmering altar of Xom.
 18954 | D:14     | Found a shimmering altar of Xom.
 18956 | D:14     | Found a shimmering altar of Xom.
 18958 | D:14     | Found a shimmering altar of Xom.
 19356 | Orc:1    | Entered Level 1 of the Orcish Mines
 19362 | Orc:1    | Noticed Urug
 19373 | Orc:1    | Killed Urug
 19933 | Orc:2    | Entered Level 2 of the Orcish Mines
 20021 | Orc:2    | Received a gift from Okawaru
 20277 | Orc:2    | Identified the +3 pair of boots of Omnisiywag {Int+6}
                  | (Okawaru gifted it to you on level 2 of the Orcish Mines)
 20548 | Orc:2    | Noticed an orc warlord
 20585 | Orc:2    | Killed an orc warlord
 20621 | Orc:2    | Mangled by an orc warrior

Vault maps used:
D:1:      evilmike_arrival_rings, minmay_tiny_reverse_x
D:2:      chequers_temple_overflow_statue_of_worship,
          chequers_ecumenical_altar_simple_redux
D:3:      kennysheep_donut, minmay_misc_feat_iff
D:4:      serial_shops, shop, grunt_qazlal_clouds
D:5:      temple_statues, first_ration, ebering_ghost_disaster_area
D:6:      nicolae_whirlpool, old_standard_altar, serial_shops, shop,
          minmay_liquid_box, bloody_trog, uniq_edmund
D:7:      uniq_joseph, uniq_duvessa
D:8:      grunt_pizzeria
D:9:      nicolae_overflow_crystal_walls, erik_lair_dragon,
          kennysheep_orc_monster_closet_entryway
D:10:     serial_shops, kennysheep_little_box, minmay_rotating_lava
D:12:     minmay_st_funbox, minivault_16
D:13:     dk_noncrumbling_4
D:14:     erik_vaults_1, nicolae_xom_altar_mimics, serial_shops,
          nicolae_shop_window_shopping, chequers_big_river, uniq_snorg
D:15:     gammafunk_depths_entry_grave, minivault_26, grunt_decor_fettered,
          serial_park_tiny_pond
Temple:   eino_narrow_crystal_temple
Lair:2:   nicolae_swamp_entry_splash_gauntlet, spider_nest_entry_web_field,
          kennysheep_rathole, serial_bayou_shore_b, grunt_megastairs_5
Lair:4:   chequers_serial_rivers_micro_a, minmay_lair_oklob_bushes,
          chequers_serial_rivers_room_a
Lair:5:   chequers_serial_rivers_micro_c, grunt_megastairs_4
Lair:6:   hangedman_lair_tendril_chambers, nicolae_slime_entry_slimehenge,
          gammafunk_ghost_cemetery
Orc:1:    mines3_lemuel, uniq_urug
Orc:2:    st_orc_pillars

Skill      XL: |  1  2  3  4  5  6  7  8  9 10 11 12 13 14 15 |
---------------+----------------------------------------------+-----
Fighting       | 4 5 6 7 9 10 12 13 14 15 16 | 16.6
Maces & Flails | 3 4 5 6 8 9 11 12 13 14 | 14.4
Shields        | 4 5 6 7 8 9 10 11 12 | 12.5
Armour         | 4 5 6 8 9 10 11 12 13 | 13.7
Invocations    | 2 4 |  4.9

Action                   |  1- 3 |  4- 6 |  7- 9 | 10-12 | 13-15 || total
-------------------------+-------+-------+-------+-------+-------++-------
Melee: Flail             |   144 |   265 |   299 |   682 |  1550 ||  2940
       Headbutt          |       |    25 |    60 |   146 |   427 ||   658
Invok: Finesse           |       |       |       |       |     2 ||     2
 Abil: Evoke Flight      |       |       |     1 |       |       ||     1
       Fly               |       |       |       |       |     1 ||     1
  Use: Scroll            |     4 |     6 |     2 |    13 |    13 ||    38
       Potion            |     3 |     7 |     2 |     1 |     6 ||    19
  Eat: Chunk             |     1 |     7 |     9 |    21 |    26 ||    64
       Ration            |       |       |       |       |     2 ||     2
Armor: Scale mail        |   110 |    85 |       |       |       ||   195
       Chain mail        |       |    61 |   160 |   305 |   138 ||   664
       Plate armour      |       |       |       |       |   790 ||   790
Dodge: Dodged            |    48 |    80 |    66 |   131 |   303 ||   628
Block: Shield            |   119 |   175 |   216 |   429 |  1037 ||  1976

Table legend:
 A = Non-vault XP
 B = Vault XP
 C = Vault XP percentage of total XP
 D = Non-vault monster count
 E = Vault monster count
 F = Vault count percentage of total count
                 A         B        C        D         E       F
            +---------+---------+-------+---------+---------+-------
      Total |   80139 |   37399 |  31.8 |     543 |     170 |  23.8
            +---------+---------+-------+---------+---------+-------
        D:1 |      35 |       2 |   5.4 |      20 |       2 |   9.1
        D:2 |      94 |       0 |   0.0 |      32 |       0 |   0.0
        D:3 |     326 |       0 |   0.0 |      41 |       0 |   0.0
        D:4 |     360 |       0 |   0.0 |      22 |       0 |   0.0
        D:5 |     447 |     443 |  49.8 |      15 |       1 |   6.2
        D:6 |    1343 |     403 |  23.1 |      27 |       3 |  10.0
        D:7 |    1038 |     689 |  39.9 |      18 |       3 |  14.3
        D:8 |    1062 |     224 |  17.4 |      24 |       1 |   4.0
        D:9 |    1957 |    2167 |  52.5 |      31 |      26 |  45.6
       D:10 |    2936 |    6434 |  68.7 |      32 |      14 |  30.4
       D:11 |    4133 |       0 |   0.0 |      28 |       0 |   0.0
       D:12 |    5455 |     662 |  10.8 |      31 |       1 |   3.1
       D:13 |    3159 |       0 |   0.0 |      31 |       0 |   0.0
       D:14 |   10232 |    2084 |  16.9 |      38 |       2 |   5.0
       D:15 |   14439 |    5185 |  26.4 |      32 |       9 |  22.0
     Lair:1 |    4943 |       0 |   0.0 |      23 |       0 |   0.0
     Lair:2 |    2656 |     857 |  24.4 |      11 |      17 |  60.7
     Lair:3 |    3835 |       0 |   0.0 |      14 |       0 |   0.0
     Lair:4 |    2263 |       0 |   0.0 |      10 |       0 |   0.0
     Lair:5 |    8783 |       0 |   0.0 |      19 |       0 |   0.0
     Lair:6 |    5649 |    9226 |  62.0 |      18 |      42 |  70.0
      Orc:1 |     603 |    1411 |  70.1 |      10 |       2 |  16.7
      Orc:2 |    4391 |    7612 |  63.4 |      16 |      47 |  74.6
            +---------+---------+-------+---------+---------+-------
